 Dungeon Crawl Stone Soup version 0.31-a0-845-g9abc20d (webtiles) character file.

Game seed: 13399913245852696336

9298 BarneyGumball the Scribe (level 11, -6/75 HPs)
             Began as an Octopode Earth Elementalist on Oct 2, 2023.
             Was a Priest of Sif Muna.
             Killed from afar by a rime drake (32 damage)
             ... with an icy flash freeze
             ... on level 1 of the Lair of Beasts.
             The game lasted 00:31:45 (8811 turns).

BarneyGumball the Scribe (OpEE)                     Turns: 8811, Time: 00:31:46

Health: -6/75      AC:  1    Str:  4    XL:     11   Next: 44%
Magic:  21/27      EV: 16    Int: 23    God:    Sif Muna [***...]
Gold:   608        SH:  0    Dex: 12    Spells: 11/20 levels left

rFire   . . .        u - staff of earth
rCold   . . .        (no shield)
rNeg    . . .        (helmet restricted)
rPois   +            n - amulet of magic regeneration
rElec   +            c - ring of flight
rCorr   +            h - ring of Cielola {rPois rCorr MP+9 Str-3}
SInv    .            A - ring of resist corrosion
Will    .....        D - ring of Suamyot {Fly rElec Slay+2}
Stlth   +++          (no ring)
HPRegen 0.32/turn    (no ring)
MPRegen 0.60/turn    (no ring)
                     (no ring)

%: no passive effects
@: about to teleport, flying
A: almost no armour, amphibious, 8 rings, camouflage 1, gelatinous body 1,
(nimble swimmer 1), tentacles
a: Renounce Religion, Channel Magic, Forget Spell


You were on level 1 of the Lair of Beasts.
You worshipped Sif Muna.
Sif Muna was most pleased with you.
You visited 2 branches of the dungeon, and saw 10 of its levels.
You also visited: Bailey and Gauntlet.

You collected 608 gold pieces.

Inventory:

Hand Weapons
 k - a +1 dagger of protection
Missiles
 p - 8 atropa-tipped darts
 v - 12 darts of dispersal
Magical Staves
 u - a staff of earth (weapon)
Jewellery
 c - a ring of flight (left tentacle)
 h - the ring of Cielola (right tentacle) {rPois rCorr MP+9 Str-3}
   (You acquired it on level 3 of the Dungeon)

   [ring of resist corrosion]

   Str-3:     It affects your strength (-3).
   rPois:     It protects you from poison MP+9: It affects your magic capacity
   (+9).
   rCorr:     It protects you from acid and corrosion.
 n - an amulet of magic regeneration (around mantle)
 A - a ring of resist corrosion (on tentacle)
 D - the ring of Suamyot (on tentacle) {Fly rElec Slay+2}
   (You found it on level 1 of the Lair of Beasts)

   [ring of flight]

   Slay+2:    It affects your accuracy & damage with ranged weapons and melee
   (+2).
   rElec:     It insulates you from electricity.
   Fly:       It grants you flight.
Wands
 B - a wand of polymorph (5)
 F - a wand of flame (6)
Scrolls
 f - 2 scrolls of teleportation
 g - a scroll of brand weapon
 i - 4 scrolls of revelation
 m - a scroll of enchant weapon
 r - a scroll of fear
 x - 2 scrolls of amnesia
 y - a scroll of enchant armour {unknown}
 z - 2 scrolls of vulnerability {unknown}
Potions
 a - a potion of magic
 b - 2 potions of enlightenment
 d - 6 potions of curing
 e - 3 potions of might
 j - 3 potions of heal wounds
 l - 2 potions of attraction
 o - a potion of haste {unknown}
 q - 3 potions of brilliance {unknown}
 s - 2 potions of degeneration {unknown}
 w - a potion of lignification {unknown}
 C - a potion of cancellation {unknown}


   Skills:
 - Level 7.5 Fighting
 - Level 4.0 Throwing
 - Level 7.9 Dodging
 - Level 4.0 Stealth
 + Level 5.0 Spellcasting
 - Level 8.0 Conjurations
 - Level 1.0 Transmutations
 - Level 5.4 Air Magic
 - Level 5.0 Earth Magic
 - Level 9.0 Invocations


You had 11 spell levels left.
You knew the following spells:

 Your Spells              Type           Power      Damage    Failure   Level
a - Sandblast             Erth           86%        2d18      1%          1
b - Passwall              Tmut/Erth      24%        N/A       4%          2
c - Stone Arrow           Conj/Erth      100%       3d13      1%          3
d - Mephitic Cloud        Conj/Pois/Air  26%        N/A       4%          3

Your spell library contained the following spells:

 Spells                   Type           Power      Damage    Failure   Level
 Magic Dart               Conj           100%       1d8       1%          1
 Poisonous Vapours        Pois/Air       36%        N/A       4%          2
 Brom's Barrelling Bould  Conj/Erth      52%        2d7       6%          4
 Sting                    Tmut/Pois      32%        1d4       8%          1
 Call Imp                 Summ           10%        N/A       14%         2
 Ensorcelled Hibernation  Hex/Ice        10%        N/A       14%         2
 Jinxbite                 Hex            10%        N/A       14%         2
 Petrify                  Tmut/Erth      29%        N/A       26%         4
 Ozocubu's Armour         Ice            5%         N/A       28%         3
 Anguish                  Hex/Necr       2%         N/A       67%         4
 Olgreb's Toxic Radiance  Pois           5%         N/A       67%         4
 Metabolic Englaciation   Hex/Ice        2%         N/A       95%         5
 Simulacrum               Ice/Necr       2%         N/A       100%        6


Dungeon Overview and Level Annotations

Branches:
Dungeon (9/15)             Temple (0/1) D:5            Lair (1/5) D:9
 Bailey (visited)         Gauntlet (visited)
    Orc: D:9-12

Altars:
Elyvilon
Makhleb
Sif Muna
Zin

Annotations:
D:7 2 transporters, Pikel; PiratePeteNZ's ghost, novice DrFE
D:8 exclusion: steam dragon
D:9 exclusion: boulder beetle


Innate Abilities, Weirdness & Mutations

You cannot wear most types of armour.
You are amphibious.
You can wear up to eight rings at the same time.
Your skin changes colour to match your surroundings (Stealth+).
Your rubbery body absorbs attacks. (AC +1, EV +1)
((You are camouflaged when in or above water. (Stealth+)))
You have tentacles for arms and can constrict up to eight enemies at once.


Message History

The throwing net hits the boulder beetle.
The boulder beetle is caught in the net!
The boulder beetle is lightly wounded.
The boulder beetle struggles against the net.
You hit the boulder beetle but do no damage.
The boulder beetle is lightly wounded.
The boulder beetle struggles against the net.
Casting: Stone Arrow (safe; 1% risk of failure)
Confirm with . or Enter, or press ? or * to list all spells.
Aiming: Stone Arrow (safe; 1% risk of failure)
Press: ? - help, Shift-Dir - straight line, f/p - boulder beetle
Aim: a boulder beetle (lightly wounded, entangled in a net, 100% to hit)
You feel a surge of power!
The stone arrow hits the boulder beetle!
The boulder beetle is moderately wounded.
The boulder beetle struggles against the net.
Casting: Stone Arrow (safe; 1% risk of failure)
Confirm with . or Enter, or press ? or * to list all spells.
Aiming: Stone Arrow (safe; 1% risk of failure)
Press: ? - help, Shift-Dir - straight line, f/p - boulder beetle
Aim: a boulder beetle (moderately wounded, entangled in a net, 100% to hit)
You feel a surge of power!
The stone arrow hits the boulder beetle!!
The boulder beetle is heavily wounded.
The boulder beetle struggles against the net.
Casting: Stone Arrow (safe; 1% risk of failure)
Confirm with . or Enter, or press ? or * to list all spells.
Aiming: Stone Arrow (safe; 1% risk of failure)
Press: ? - help, Shift-Dir - straight line, f/p - boulder beetle
Aim: a boulder beetle (heavily wounded, entangled in a net, 100% to hit)
You feel a surge of power!
The stone arrow hits the boulder beetle!!
The boulder beetle is almost dead.
The boulder beetle leaps!
A rime drake comes into view.
As you read the scroll of teleportation, it crumbles to dust.
You feel strangely unstable. The rime drake breathes ice at you.
The icy flash freeze hits you!!
You die...

# ## ###
####.######P#####PP
........B..........
(.................. ##.
.##.#...#######P ..
○°.............. # #.
##.#####..####..
..####.###k.####..####.#
#......@................
#..#..###............###
#.............>.........
....###.####P........#.#
........................
#.#######.#.#.####......
# ......................
##.##..#.###.........#
.##..##.###........##


You could see a rime drake (catching breath).

Vanquished Creatures
  2 two-headed ogres
  A komodo dragon (Lair:1)
  5 blink frogs (Lair:1)
  A shadow (D:9)
  2 wyverns (D:9)
  Eustachio (D:6)
  A steam dragon (D:8)
  A sky beast (D:8)
  5 water moccasins (Lair:1)
  3 orc warriors
  2 ice beasts
  A centaur (D:6)
  2 ogres (D:6)
  6 bullfrogs
  2 gnoll sergeants
  12 scorpions
  3 killer bees (D:8)
  2 howler monkeys (D:8)
  2 gnoll boudas (D:6)
  5 hounds
  2 jellies
  4 orc priests
  Jessica (D:2)
  A sleepcap (D:5)
  Natasha (twice) (D:2)
  4 iguanas
  9 orc wizards
  8 gnolls (D:6)
  11 adders
  3 worms
  A dart slug (D:1)
  44 orcs
  6 endoplasms
  6 giant cockroaches
  15 goblins
  5 hobgoblins
  7 jackals
  5 quokkas
  11 ball pythons
  15 bats
  15 kobolds
  4 rats
238 creatures vanquished.

Notes
Turn   | Place    | Note
-------+----------+-------------------------------------------
     0 | D:1      | BarneyGumball the Octopode Earth Elementalist began the
                  | quest for the Orb.
     0 | D:1      | Reached XP level 1. HP: 11/11 MP: 3/3
   169 | D:1      | Reached skill level 1 in Conjurations
   169 | D:1      | Reached XP level 2. HP: 17/17 MP: 3/5
   593 | D:1      | Reached XP level 3. HP: 17/21 MP: 3/6
   735 | D:1      | Learned a level 3 spell: Stone Arrow
   738 | D:1      | Learned a level 2 spell: Passwall
   889 | D:2      | Reached XP level 4. HP: 27/27 MP: 0/7
  1203 | D:2      | Noticed Jessica
  1205 | D:2      | Killed Jessica
  1206 | D:2      | Reached XP level 5. HP: 31/31 MP: 4/8
  1417 | D:2      | Noticed Natasha
  1421 | D:2      | Killed Natasha
  1515 | D:2      | Noticed Natasha
  1525 | D:2      | Killed Natasha
  1784 | D:3      | Found a faded altar of an unknown god.
  1796 | D:3      | Identified a scroll of acquirement
  1797 | D:3      | Acquired the ring of Cielola {rPois rCorr MP+9 Str-3}
  2049 | D:3      | Reached XP level 6. HP: 36/36 MP: 9/9
  2614 | D:4      | Reached skill level 5 in Earth Magic
  2970 | D:4      | Found a glowing silver altar of Zin.
  3210 | D:5      | Entered Level 5 of the Dungeon
  3249 | D:5      | Reached skill level 5 in Conjurations
  3252 | D:5      | Reached XP level 7. HP: 41/41 MP: 10/10
  3280 | D:5      | Found a shimmering blue altar of Sif Muna.
  3334 | D:5      | Identified the +4 dagger of Eternal Harmony {freeze, rF+
                  | Str-4 SInv}
  3339 | D:5      | Became a worshipper of Sif Muna the Loreminder
  3486 | D:5      | Reached XP level 8. HP: 31/46 MP: 1/11
  3684 | D:5      | Found a staircase to the Ecumenical Temple.
  4068 | D:5      | Reached skill level 1 in Fighting
  4313 | D:5      | Reached * piety under Sif Muna
  4395 | D:5      | Found a burning altar of Makhleb.
  4570 | D:6      | Reached skill level 1 in Invocations
  4721 | D:6      | Reached skill level 2 in Invocations
  4786 | D:6      | Reached XP level 9. HP: 58/58 MP: 12/12
  4949 | D:6      | Reached skill level 3 in Invocations
  4949 | D:6      | Noticed a two-headed ogre
  4952 | D:6      | Killed a two-headed ogre
  4953 | D:6      | Reached skill level 5 in Dodging
  4953 | D:6      | Reached skill level 4 in Invocations
  4955 | D:6      | Reached skill level 5 in Air Magic
  4955 | D:6      | Reached skill level 7 in Invocations
  4955 | D:6      | Reached XP level 10. HP: 71/71 MP: 10/15
  5239 | D:6      | Noticed Eustachio
  5256 | D:6      | Killed Eustachio
  5697 | D:7      | Found a white marble altar of Elyvilon.
  5719 | D:7      | Reached ** piety under Sif Muna
  5972 | D:7      | Reached skill level 1 in Throwing
  6422 | D:7      | Found a transporter.
  6424 | D:7      | Found a transporter.
  6428 | D:7      | Noticed PiratePeteNZ's ghost (novice DrFE)
  6435 | D:7      | Noticed Pikel
  6636 | D:8      | Reached skill level 8 in Invocations
  7027 | D:8      | Found a flagged portal.
  7049 | Bailey   | Entered a bailey
  7356 | D:8      | Learned a level 3 spell: Mephitic Cloud
  7654 | D:9      | Reached XP level 11. HP: 75/75 MP: 17/17
  7769 | D:9      | Found a staircase to the Lair.
  7934 | D:9      | Noticed a boulder beetle
  7988 | D:9      | Noticed a two-headed ogre
  7996 | D:9      | Killed a two-headed ogre
  8027 | Lair:1   | Entered Level 1 of the Lair of Beasts
  8043 | Lair:1   | Reached *** piety under Sif Muna
  8204 | Lair:1   | Identified the ring of Suamyot {Fly rElec Slay+2}
  8250 | Lair:1   | Reached skill level 9 in Invocations
  8401 | Lair:1   | Found a gate leading to a gauntlet.
  8409 | Gauntlet | Entered a Gauntlet
  8409 | Gauntlet | Found a transporter.
  8409 | Gauntlet | Found a transporter.
  8409 | Gauntlet | Found a transporter.
  8413 | Gauntlet | Found a transporter.
  8464 | Gauntlet | Found a transporter.
  8468 | Gauntlet | Found a transporter.
  8476 | Gauntlet | Noticed a great orb of eyes
  8481 | Gauntlet | Noticed a white ugly thing
  8484 | Gauntlet | Found a transporter.
  8485 | Gauntlet | Noticed a cyan ugly thing
  8499 | Gauntlet | Noticed a wizard
  8503 | Gauntlet | Found a transporter.
  8519 | Gauntlet | Noticed a wizard
  8534 | Gauntlet | Found a transporter.
  8536 | Gauntlet | Found a transporter.
  8546 | Gauntlet | Found a transporter.
  8550 | Gauntlet | Found a transporter.
  8754 | Lair:1   | Reached skill level 5 in Spellcasting
  8798 | Lair:1   | Noticed a boulder beetle
  8811 | Lair:1   | Killed from afar by a rime drake

Illustrated notes

Levels and vault maps discovered:
D:1:      amcnicky_arrival_abandoned_market, layout_basic,
          corexii_leaking_fountain
D:2:      layout_loops_corners, nicolae_titane, uniq_natasha, uniq_jessica
D:3:      minmay_diamond_boxcup, layout_loops_ring, basic_ecumenical_altar,
          minmay_shallow_snake_nest
D:4:      layout_basic, zin_scriptorium
D:5:      old_forge, layout_basic, nicolae_sif_muna_condensation,
          mainiacjoe_overflow_alcove_1, minmay_temple_entry_statues_pillars
D:6:      layout_loops_ring, kennysheep_diamond, hangedman_decor_slide_cut,
          minmay_unpleasant_kobolds, uniq_eustachio
D:7:      layout_gridville, elyvilon_altar_5, gammafunk_ghost_hive, uniq_pikel
D:8:      layout_loops_ring, enter_bailey_5, st_stairs_6,
          kennysheep_generic_room_14
D:9:      layout_grid_maze, dpeg_oklobed_lair, uniq_joseph
Lair:1:   layout_long_grid, gauntlet_entry_generic, infiniplex_staircase_pool

Skill      XL: |  1  2  3  4  5  6  7  8  9 10 11 |
---------------+----------------------------------+-----
Conjurations   | 1 2 3 5 7 8 |  8.0
Earth Magic    | 4 5 |  5.0
Stealth        | 3 4 |  4.0
Fighting       | 3 7 |  7.5
Dodging        | 4 7 |  7.9
Invocations    | 2 7 8 9 |  9.0
Air Magic      | 5 |  5.4
Throwing       | 2 4 |  4.0
Spellcasting   | 3 5 |  5.0
Transmutations | |  1.0

Action                     |  1- 3 |  4- 6 |  7- 9 | 10-12 || total
---------------------------+-------+-------+-------+-------++-------
  Melee: Quarterstaff      |       |    17 |       |       ||    17
         Constrict         |       |    13 |     8 |     4 ||    25
         Tentacles         |       |    11 |     8 |     4 ||    23
         Dagger            |       |    19 |    10 |       ||    29
         Short sword       |       |    13 |       |       ||    13
         Staff             |       |       |    11 |    21 ||    32
         Punch             |       |       |     1 |     1 ||     2
  Throw: Dart              |       |       |     8 |     5 ||    13
         Throwing net      |       |       |       |     1 ||     1
   Cast: Sandblast         |    35 |    69 |    21 |    30 ||   155
         Stone Arrow       |     1 |    21 |    69 |   107 ||   198
    Use: Scroll            |       |    10 |     4 |     4 ||    18
         Potion            |       |       |     1 |       ||     1
   Stab: Sleeping          |       |     4 |       |       ||     4
 Armour: Skin              |     3 |    39 |    23 |    33 ||    98
  Dodge: Dodged            |     1 |    46 |    21 |    52 ||   120

Table legend: (Time is in decaauts)
 A = Elapsed time spent in this place.
 B = Non-inter-level travel time spent in this place.
 C = Inter-level travel time spent in this place.
 D = Time resting spent in this place.
 E = Time spent auto-exploring this place.
 F = Levels seen in this place.
 G = Mean time per level.
                   A        B        C        D        E       F      G
               +--------+--------+--------+--------+--------+-----+--------+
         Total |   8892 |   8635 |    257 |    468 |   5866 |  12 |  741.0 |
       Dungeon |   8030 |   7773 |    257 |    358 |   5492 |   9 |  892.2 |
          Lair |    623 |    623 |      0 |    110 |    374 |   1 |  623.0 |
        Bailey |     78 |     78 |      0 |      0 |      0 |   1 |   78.0 |
      Gauntlet |    160 |    160 |      0 |      0 |      0 |   1 |  160.0 |
               +--------+--------+--------+--------+--------+-----+--------+

Top non-repeatable levels by time:
     D:5: 1320 daAuts
     D:6: 1135 daAuts
     D:8: 966 daAuts
     D:2: 965 daAuts
     D:7: 945 daAuts
     D:3: 853 daAuts
     D:1: 754 daAuts
     D:4: 689 daAuts
  Lair:1: 623 daAuts
     D:9: 399 daAuts
Gauntlet: 160 daAuts
  Bailey: 78 daAuts
